 Dungeon Crawl Stone Soup version 0.31-a0-963-ga325b2283a (webtiles) character file.

Game seed: 10616587650300822882

46 Kronos the Conjurer (level 3, -2/20 HPs)
             Began as a Kobold Conjurer on Oct 25, 2023.
             Slain by a worm (9 damage)
             ... on level 2 of the Dungeon.
             The game lasted 00:27:31 (2121 turns).

Kronos the Conjurer (Kobold Conjurer)               Turns: 2121, Time: 00:27:31

Health: -2/20      AC:  2    Str:  6    XL:     3   Next: 92%
Magic:  6/6        EV: 14    Int: 19    God:
Gold:   92         SH:  0    Dex: 13    Spells: 5/6 levels left

rFire   + . .        h - +0 hand axe
rCold   x . .        (no shield)
rNeg    . . .        a - +0 robe
rPois   .            s - +0 hat of Integrity {rElec}
rElec   +            (no cloak)
rCorr   .            (no gloves)
SInv    .            (no boots)
Will    .....        (no amulet)
Stlth   +++          r - ring of fire
HPRegen 0.23/turn    (no ring)
MPRegen 0.10/turn

%: no passive effects
@: no status effects
A: small, no large weapons, nightstalker 3
a: no special abilities


You were on level 2 of the Dungeon.
You visited 1 branch of the dungeon, and saw 2 of its levels.

You collected 92 gold pieces.

Inventory:

Hand Weapons
 c - a +0 dagger
 d - a +0 dagger
 e - a +0 whip
 h - a +0 hand axe (weapon)
 k - a +0 dagger
 l - a +0 club
 n - a +0 hand axe
 o - a +0 dagger
 u - a +0 dagger
 v - a +0 dagger
 w - a +0 short sword
 z - a +0 trident
 A - a +0 dagger
 E - a +0 long sword
 G - a +0 rapier
Missiles
 g - 15 stones (quivered)
 x - 6 poisoned darts
Armour
 a - a +0 robe (worn)
 i - a +0 helmet
 j - a +0 plate armour {falme}
 m - a +0 leather armour
 p - a +0 ring mail
 q - a +0 ring mail
 s - the +0 hat of Integrity (worn) {rElec}
   (You found it on level 2 of the Dungeon)

   rElec:     It insulates you from electricity.
 y - a +0 chain mail
 B - the +0 ring mail of Upeit {rPois rN++ rCorr Dex-4}
   (You found it on level 2 of the Dungeon)

   Dex-4:     It affects your dexterity (-4).
   rPois:     It protects you from poison rN++: It greatly protects you from
   negative energy.
   rCorr:     It protects you from acid and corrosion.
Jewellery
 r - a ring of fire (left hand)
 D - a ring of protection from cold
Scrolls
 t - 2 scrolls of fear
 C - a scroll of immolation
 F - a scroll of enchant armour {unknown}
Potions
 b - a potion of magic
 f - 2 potions of heal wounds


   Skills:
 + Level 1.0 Fighting
 + Level 1.0 Axes
 + Level 2.6 Dodging
 + Level 3.1 Stealth
 + Level 2.3 Spellcasting
 + Level 4.5 Conjurations


You had 5 spell levels left.
You knew the following spells:

 Your Spells              Type           Power      Damage    Failure   Level
a - Magic Dart            Conj           76%        1d6       2%          1

Your spell library contained the following spells:

 Spells                   Type           Power      Damage    Failure   Level
 Searing Ray              Conj           38%        2d5       3%          2
 Sandblast                Erth           4%         2d4       16%         1
 Dazzling Flash           Conj/Hex       20%        N/A       19%         3
 Stone Arrow              Conj/Erth      20%        3d8       19%         3
 Passwall                 Tmut/Erth      1%         N/A       24%         2
 Tukima's Dance           Hex            2%         N/A       43%         3
 Brom's Barrelling Bould  Conj/Erth      10%        2d3       54%         4
 Fulminant Prism          Conj/Hex       5%         3d6       54%         4
 Iskenderun's Mystic Bla  Conj/Tloc      10%        2d4       54%         4
 Passage of Golubria      Tloc           2%         N/A       85%         4
 Yara's Violent Unravell  Hex/Tmut       1%         3d3       99%         5


Dungeon Overview and Level Annotations

Branches:
Dungeon (2/15)

Altars:

Shops:
D:2 [


Innate Abilities, Weirdness & Mutations

You are small and have problems with some larger weapons.
You are completely attuned to the shadows.


Message History

There is an open door here.
You open the door.
There is an open door here.
A giant cockroach comes into view.
Casting: Magic Dart (safe; 2% risk of failure)
Confirm with . or Enter, or press ? or * to list all spells.
Aiming: Magic Dart (safe; 2% risk of failure)
Press: ? - help, Shift-Dir - straight line, f - giant cockroach
Aim: a giant cockroach (wandering, hasn't noticed you, 100% to hit)
The magic dart hits the giant cockroach.
The giant cockroach is severely wounded.
You hit the giant cockroach.
You kill the giant cockroach!
Found a rapier.
You see here a +0 rapier.
G - a +0 rapier A worm comes into view.
You hit the worm.
The worm is moderately wounded.
The worm bites you.
You hit the worm.
The worm is moderately wounded.
The worm misses you.
You hit the worm but do no damage.
The worm is moderately wounded.
You hit the worm.
The worm is heavily wounded.
The worm bites you.
You hit the worm.
The worm is heavily wounded.
The worm barely misses you.
You barely miss the worm.
The worm is moderately wounded.
The worm bites you!
You barely miss the worm.
The worm is moderately wounded.
You barely miss the worm.
The worm is moderately wounded.
The worm bites you!
You die...

#.... #.... #....
#.#'# ...#.# #....
...#.# #.###
#.#.########...#
######...............
....@................
....w.###########....
......# #.... #####.#
#.... #.# #...# #...#
###.# #.# #.#


You could see a worm.

Vanquished Creatures
  2 dart slugs
  3 ball pythons
  4 bats
  5 endoplasms (D:2)
  4 giant cockroaches
  A goblin (D:1)
  5 hobgoblins
  A quokka (D:2)
  A frilled lizard (D:1)
  6 kobolds
  6 rats
38 creatures vanquished.

Notes
Turn   | Place    | Note
-------+----------+-------------------------------------------
     0 | D:1      | Kronos the Kobold Conjurer began the quest for the Orb.
     0 | D:1      | Reached XP level 1. HP: 10/10 MP: 3/3
   310 | D:1      | Reached XP level 2. HP: 15/15 MP: 3/5
   638 | D:1      | Reached XP level 3. HP: 10/19 MP: 6/6
  1171 | D:2      | Found Evviu's Antique Armour Emporium.
  1182 | D:2      | Identified the +0 hat of Integrity {rElec}
  1467 | D:2      | Identified a scroll of acquirement
  1467 | D:2      | Acquired a book of Geomancy
  1644 | D:2      | Identified the +0 ring mail of Upeit {rPois rN++ rCorr
                  | Dex-4}
  1737 | D:2      | Reached skill level 1 in Axes
  1842 | D:2      | Reached skill level 1 in Fighting
  2121 | D:2      | Slain by a worm

Illustrated notes

Levels and vault maps discovered:
D:1:      dpeg_arrival_boxes_within_box, layout_basic, item_on_display_a
D:2:      layout_basic, serial_shops, nicolae_shop_window_shopping, minivault_5,
          corexii_item_surrounded_by_moat, minmay_goblin_kobold_house

Skill      XL: |  1  2  3 |
---------------+----------+-----
Stealth        | 3 |  3.1
Axes           | 1 |  1.0
Fighting       | 1 |  1.0
Dodging        | |  2.6
Spellcasting   | |  2.3
Conjurations   | |  4.5

Action                     || total
---------------------------++-------
  Melee: Dagger            ||    14
         Hand axe          ||    98
   Cast: Magic Dart        ||    29
    Use: Scroll            ||     5
 Armour: Robe              ||    23
         Plate armour      ||    91
  Dodge: Dodged            ||    30

Table legend: (Time is in decaauts)
 A = Elapsed time spent in this place.
 B = Non-inter-level travel time spent in this place.
 C = Inter-level travel time spent in this place.
 D = Time resting spent in this place.
 E = Time spent auto-exploring this place.
 F = Levels seen in this place.
 G = Mean time per level.
                   A        B        C        D        E       F      G
               +--------+--------+--------+--------+--------+-----+--------+
         Total |   2146 |   1895 |    251 |      0 |      0 |   2 | 1073.0 |
       Dungeon |   2146 |   1895 |    251 |      0 |      0 |   2 | 1073.0 |
               +--------+--------+--------+--------+--------+-----+--------+

Top non-repeatable levels by time:
     D:2: 1176 daAuts
     D:1: 969 daAuts
